SA
YORK REVOLUTION @ NEBRASKA PLAINSMEN
07/16/2034
 
TOP OF THE 1ST
York Revolution batting - Pitching for Nebraska Plainsmen : RHP Jerry Gray
Pitching: RHP Jerry Gray
Batting: LHB Jack MacOmish 0-0: Foul Ball, location: 2F
0-1: Foul Ball, location: 2F
0-2: Strikes out swinging
Batting: RHB Michael Carter 0-0: TRIPLE (Flyball, 8LXD)
Batting: RHB Ryoma Yamamoto 0-0: Foul Ball, location: 2F
0-1: Called Strike
0-2: Ball
1-2: Strikes out swinging
Batting: SHB Vicente Romero 0-0: Called Strike
0-1: Ball
1-1: Ball
2-1: Ball
3-1: Foul Ball, location: 2F
3-2: Strikes out swinging
Top of the 1st over - 0 runs, 1 hit, 0 errors, 1 left on base; York 0 - Nebraska 0
BOTTOM OF THE 1ST
Nebraska Plainsmen batting - Pitching for York Revolution : RHP John Núñes
Pitching: RHP John Núñes
Batting: RHB Tomas van Noord 0-0: Ball
1-0: Foul Ball, location: 2F
1-1: Ball
2-1: Foul Ball, location: 2F
2-2: Foul Ball, location: 2F
2-2: Ball
3-2: Ground out 1-3 (Groundball, 15S)
Batting: RHB José Díaz 0-0: Ball
1-0: Fly out, F7 (Flyball, 78M)
Batting: RHB Diego Martínez 0-0: Ball
1-0: Foul Ball, location: 2F
1-1: Called Strike
1-2: Strikes out swinging
Bottom of the 1st over - 0 runs, 0 hits, 0 errors, 0 left on base; York 0 - Nebraska 0
TOP OF THE 2ND
York Revolution batting - Pitching for Nebraska Plainsmen : RHP Jerry Gray
Batting: LHB Luis García 0-0: Ball
1-0: Foul Ball, location: 2F
1-1: Ground out 1-3 (Groundball, 13)
Batting: SHB Augusto Trejo 0-0: Called Strike
0-1: Foul Ball, location: 2F
0-2: Ball
1-2: Ball
2-2: Ball
3-2: Foul Ball, location: 2F
3-2: Base on Balls
Batting: RHB Pancho Espinoza 0-0: Foul Ball, location: 2F
0-1: Called Strike
Augusto Trejo steals 2nd base
0-2: Strikes out swinging
Batting: LHB José Soriano 0-0: Ground out 6-3 (Groundball, 6M)
Top of the 2nd over - 0 runs, 0 hits, 0 errors, 1 left on base; York 0 - Nebraska 0
BOTTOM OF THE 2ND
Nebraska Plainsmen batting - Pitching for York Revolution : RHP John Núñes
Batting: SHB Alejandro Arizméndiz 0-0: Swinging Strike
0-1: Ball
1-1: Ball
2-1: Ball
3-1: Swinging Strike
3-2: Fly out, F8 (Flyball, 8LM)
Batting: RHB Cullen Allen 0-0: Hit by Pitch
Batting: RHB Johnny Young 0-0: Ball
1-0: Foul Ball, location: 2F
1-1: 2-RUN HOME RUN (Flyball, 7D), Distance : 416 ft
Batting: RHB Manuel Sy 0-0: Fly out, F8 (Flyball, 8LS)
Batting: LHB Edmund Martin 0-0: Ball
1-0: Ball
2-0: Swinging Strike
2-1: Swinging Strike
2-2: Strikes out swinging
Bottom of the 2nd over - 2 runs, 1 hit, 0 errors, 0 left on base; York 0 - Nebraska 2
TOP OF THE 3RD
York Revolution batting - Pitching for Nebraska Plainsmen : RHP Jerry Gray
Batting: RHB Dane Bernstine 0-0: Swinging Strike
0-1: Ball
1-1: Foul Ball, location: 2F
1-2: Ball
2-2: Strikes out swinging
Batting: LHB Jack MacOmish 0-0: Ball
1-0: Foul Ball, location: 2F
1-1: Ball
2-1: Ball
3-1: Foul Ball, location: 2F
3-2: Base on Balls
Batting: RHB Michael Carter 0-0: Ball
1-0: Foul Ball, location: 2F
1-1: Foul Ball, location: 2F
1-2: Ball
2-2: Fly out, F1 (Line Drive, 13)
Batting: RHB Ryoma Yamamoto 0-0: Ball
1-0: Ball
2-0: Called Strike
2-1: SINGLE (Line Drive, 89M)
Jack MacOmish to second
Batting: SHB Vicente Romero 0-0: Ground out U3 (Groundball, 3)
Top of the 3rd over - 0 runs, 1 hit, 0 errors, 2 left on base; York 0 - Nebraska 2
BOTTOM OF THE 3RD
Nebraska Plainsmen batting - Pitching for York Revolution : RHP John Núñes
Batting: RHB Bill Reynolds 0-0: Ground out 6-3 (Groundball, 6M)
Batting: RHB Tomas van Noord 0-0: Ball
1-0: Bunted foul
1-1: Foul Ball, location: 2F
1-2: Strikes out swinging, 2-3 out at first.
Batting: RHB José Díaz 0-0: Ball
1-0: Ball
2-0: Ground out 6-3 (Groundball, 6S)
Bottom of the 3rd over - 0 runs, 0 hits, 0 errors, 0 left on base; York 0 - Nebraska 2
TOP OF THE 4TH
York Revolution batting - Pitching for Nebraska Plainsmen : RHP Jerry Gray
Batting: LHB Luis García 0-0: Ball
1-0: Ball
2-0: Ball
3-0: Base on Balls
Batting: SHB Augusto Trejo 0-0: Ball
1-0: Ball
2-0: Swinging Strike
2-1: Swinging Strike
2-2: Strikes out swinging
Batting: RHB Pancho Espinoza 0-0: Called Strike
0-1: Swinging Strike
0-2: Ball
1-2: Strikes out looking
Batting: LHB José Soriano 0-0: SINGLE (Groundball, 34S) (infield hit)
Luis García to second
Batting: RHB Dane Bernstine 0-0: Ball
1-0: Fly out, F8 (Flyball, 8RS)
Top of the 4th over - 0 runs, 1 hit, 0 errors, 2 left on base; York 0 - Nebraska 2
BOTTOM OF THE 4TH
Nebraska Plainsmen batting - Pitching for York Revolution : RHP John Núñes
Batting: RHB Diego Martínez 0-0: Called Strike
0-1: Ball
1-1: Called Strike
1-2: Foul Ball, location: 2F
1-2: Ball
2-2: Strikes out swinging
Batting: SHB Alejandro Arizméndiz 0-0: Called Strike
0-1: Fly out, F8 (Flyball, 8RD)
Batting: RHB Cullen Allen 0-0: Ball
1-0: Fly out, F4 (Popup, 34S)
Bottom of the 4th over - 0 runs, 0 hits, 0 errors, 0 left on base; York 0 - Nebraska 2
TOP OF THE 5TH
York Revolution batting - Pitching for Nebraska Plainsmen : RHP Jerry Gray
Batting: LHB Jack MacOmish 0-0: Called Strike
0-1: Ball
1-1: Ball
2-1: Foul Ball, location: 2F
2-2: Foul Ball, location: 2F
2-2: Ground out U3 (Groundball, 3)
Batting: RHB Michael Carter 0-0: Ball
1-0: Called Strike
1-1: Swinging Strike
1-2: Strikes out swinging
Batting: RHB Ryoma Yamamoto 0-0: Ball
1-0: Foul Ball, location: 2F
1-1: Swinging Strike
1-2: SINGLE (Groundball, 34D)
Batting: SHB Vicente Romero 0-0: Called Strike
0-1: Ball
1-1: Ball
2-1: Fly out, F9 (Flyball, 9)
Top of the 5th over - 0 runs, 1 hit, 0 errors, 1 left on base; York 0 - Nebraska 2
BOTTOM OF THE 5TH
Nebraska Plainsmen batting - Pitching for York Revolution : RHP John Núñes
Batting: RHB Johnny Young 0-0: Fly out, F8 (Flyball, 8RS)
Batting: RHB Manuel Sy 0-0: Ball
1-0: Ball
2-0: Called Strike
2-1: Ball
3-1: Base on Balls
Batting: LHB Edmund Martin 0-0: Called Strike
0-1: Foul Ball, location: 2F
0-2: Ball
1-2: Foul Ball, location: 2F
1-2: SINGLE (Groundball, 34D)
Manuel Sy to second
Runner from 2nd tries for 3rd, OUT!
Batting: RHB Bill Reynolds 0-0: Ball
1-0: Called Strike
1-1: Foul Ball, location: 2F
1-2: Foul Ball, location: 2F
1-2: SINGLE (Flyball, 9LS)
Edmund Martin to second
Runner from 2nd tries for 3rd, SAFE, throw made to third
Batting: RHB Tomas van Noord 0-0: Ball
1-0: SINGLE (Flyball, 7S)
Edmund Martin scores
Bill Reynolds to second
Batting: RHB José Díaz 0-0: Called Strike
0-1: Ball
1-1: Foul Ball, location: 2F
1-2: Fly out, F7 (Flyball, 7)
Bottom of the 5th over - 1 run, 3 hits, 0 errors, 2 left on base; York 0 - Nebraska 3
TOP OF THE 6TH
York Revolution batting - Pitching for Nebraska Plainsmen : RHP Jerry Gray
Batting: LHB Luis García 0-0: Called Strike
0-1: Foul Ball, location: 2F
0-2: Foul Ball, location: 2F
0-2: Ball
1-2: Strikes out swinging
Batting: SHB Augusto Trejo 0-0: Called Strike
0-1: Swinging Strike
0-2: Foul Ball, location: 2F
0-2: Ball
1-2: Ball
2-2: Foul Ball, location: 2F
2-2: Foul Ball, location: 2F
2-2: Ball
3-2: Strikes out swinging
Batting: RHB Pancho Espinoza 0-0: Ball
1-0: Called Strike
1-1: Swinging Strike
1-2: Foul Ball, location: 2F
1-2: Ball
2-2: Strikes out swinging
Top of the 6th over - 0 runs, 0 hits, 0 errors, 0 left on base; York 0 - Nebraska 3
BOTTOM OF THE 6TH
Nebraska Plainsmen batting - Pitching for York Revolution : RHP John Núñes
Batting: RHB Diego Martínez 0-0: Swinging Strike
0-1: Foul Ball, location: 2F
0-2: Ball
1-2: Foul Ball, location: 2F
1-2: Ball
2-2: Strikes out swinging
Batting: SHB Alejandro Arizméndiz 0-0: Ball
1-0: Foul Ball, location: 2F
1-1: Ball
2-1: Ball
3-1: Foul Ball, location: 2F
3-2: Strikes out swinging
Batting: RHB Cullen Allen 0-0: Called Strike
0-1: Foul Ball, location: 2F
0-2: Ball
1-2: Ground out 6-3 (Groundball, 6)
Bottom of the 6th over - 0 runs, 0 hits, 0 errors, 0 left on base; York 0 - Nebraska 3
TOP OF THE 7TH
York Revolution batting - Pitching for Nebraska Plainsmen : RHP Jerry Gray
Batting: LHB José Soriano 0-0: Foul Ball, location: 2F
0-1: Foul Ball, location: 2F
0-2: Foul Ball, location: 2F
0-2: Ground out 1-3 (Groundball, P)
Batting: RHB Dane Bernstine 0-0: Foul Ball, location: 2F
0-1: Ball
1-1: Called Strike
1-2: Fly out, F9 (Flyball, 9LSF)
Batting: LHB Jack MacOmish 0-0: Ball
1-0: Ball
2-0: Foul Ball, location: 2F
2-1: Ground out 5-3 (Groundball, 56)
Top of the 7th over - 0 runs, 0 hits, 0 errors, 0 left on base; York 0 - Nebraska 3
BOTTOM OF THE 7TH
Nebraska Plainsmen batting - Pitching for York Revolution : RHP John Núñes
Batting: RHB Johnny Young 0-0: Called Strike
0-1: Foul Ball, location: 2F
0-2: Ball
1-2: SINGLE (Flyball, 8LS)
Batting: RHB Manuel Sy 0-0: Ball
1-0: Sac Bunt - play at first, batter OUT! 2-4
Johnny Young to second
Batting: LHB Edmund Martin 0-0: Intentional Walk
Batting: RHB Bill Reynolds 0-0: Fly out, F7 (Flyball, 78S)
Batting: RHB Tomas van Noord 0-0: Ball
1-0: Foul Ball, location: 2F
1-1: Foul Ball, location: 2F
1-2: Ball
2-2: Foul Ball, location: 2F
2-2: Strikes out swinging
Bottom of the 7th over - 0 runs, 1 hit, 0 errors, 2 left on base; York 0 - Nebraska 3
TOP OF THE 8TH
York Revolution batting - Pitching for Nebraska Plainsmen : RHP Jerry Gray
Pitching: RHP António Colón
Batting: RHB Michael Carter 0-0: Swinging Strike
0-1: Swinging Strike
0-2: Ball
1-2: Strikes out looking
Batting: RHB Ryoma Yamamoto 0-0: Ball
1-0: Ball
2-0: Ball
3-0: Called Strike
3-1: Swinging Strike
3-2: Ground out 6-3 (Groundball, 6)
Batting: SHB Vicente Romero 0-0: Called Strike
0-1: Fly out, F9 (Line Drive, 9S)
Top of the 8th over - 0 runs, 0 hits, 0 errors, 0 left on base; York 0 - Nebraska 3
BOTTOM OF THE 8TH
Nebraska Plainsmen batting - Pitching for York Revolution : RHP John Núñes
Pitching: RHP Ewan Atwood
Batting: RHB José Díaz 0-0: Called Strike
0-1: Ball
1-1: Ground out 6-3 (Groundball, 6)
Batting: RHB Diego Martínez 0-0: Fly out, F9 (Line Drive, 9)
Batting: SHB Alejandro Arizméndiz 0-0: Ball
1-0: Called Strike
1-1: Ground out 4-3 (Groundball, 4S)
Bottom of the 8th over - 0 runs, 0 hits, 0 errors, 0 left on base; York 0 - Nebraska 3
TOP OF THE 9TH
York Revolution batting - Pitching for Nebraska Plainsmen : RHP António Colón
Pitching: RHP Dennis Wion
Batting: LHB Luis García 0-0: Called Strike
0-1: Swinging Strike
0-2: Strikes out swinging
Batting: SHB Augusto Trejo 0-0: Ball
1-0: Ball
2-0: Called Strike
2-1: Swinging Strike
2-2: Strikes out swinging
Batting: RHB Pancho Espinoza 0-0: Ball
1-0: Foul Ball, location: 2F
1-1: Ball
2-1: Swinging Strike
2-2: Strikes out swinging
Top of the 9th over - 0 runs, 0 hits, 0 errors, 0 left on base; York 0 - Nebraska 3
Friday, March 29th, 2019 - OOTP Baseball 18.8 Build 76